 Dungeon Crawl Stone Soup version 0.31-a0-435-g2c6fae2916 (webtiles) character file.

Game seed: 15217904218764429800

716 Maxmaps the Trooper (level 7, 0/52 HPs)
             Began as an Octopode Shapeshifter on Aug 1, 2023.
             Slain by an orc wizard
             ... wielding a +0 dagger
              (5 damage)
             ... on level 5 of the Dungeon.
             The game lasted 00:04:56 (3356 turns).

Maxmaps the Trooper (Octopode Shapeshifter)         Turns: 3356, Time: 00:04:57

Health: 0/52       AC:  1    Str: 15    XL:     7   Next: 69%
Magic:  7/7        EV: 14    Int: 12    God:
Gold:   193        SH:  0    Dex: 12    Spells: 6/6 levels left

rFire   . .          .
                       - Unarmed
rCold   . . .        (no shield)
rNeg    . . .        (helmet currently unavailable)
rPois   .            (no amulet)
rElec   .            (no ring)
rCorr   .            (no ring)
SInv    .            (no ring)
Will    +....        (no ring)
Stlth   +++          (no ring)
HPRegen 0.28/turn    (no ring)
MPRegen 0.10/turn    (no ring)
                     (no ring)

%: no passive effects
@: beast-form, enlightened, flying
A: beast (slay +2), almost no armour, amphibious, 8 rings, camouflage 1,
gelatinous body 1, (nimble swimmer 1), tentacles
a: Begin Untransformation


You were on level 5 of the Dungeon.
You were a hulking beast.
You visited 2 branches of the dungeon, and saw 6 of its levels.

You collected 193 gold pieces.

Inventory:

Armour
 j - a +1 hat
Jewellery
 e - a ring of willpower
 g - a ring of resist corrosion
Talismans
 b - a beast talisman (active)
 m - a blade talisman
Wands
 o - a wand of charming (8)
Scrolls
 a - a scroll of enchant weapon {unknown}
 c - a scroll of revelation {unknown}
 f - 2 scrolls of fear {unknown}
 h - 4 scrolls of identify {unknown}
 i - a scroll of noise {unknown}
 n - a scroll of blinking {unknown}
 q - a scroll of enchant armour {unknown}
 s - a scroll of amnesia {unknown}
Potions
 d - 3 potions of curing
 l - 2 potions of attraction {unknown}
 p - a potion of degeneration {unknown}
 r - a potion of cancellation {unknown}


   Skills:
 - Level 6.2 Fighting
 + Level 4.7 Dodging
 - Level 4.0 Stealth
 - Level 3.0 Unarmed Combat
 - Level 3.0 Shapeshifting


You had 6 spell levels left.
You didn't know any spells.
Your spell library contained the following spells:

 Spells                   Type           Power      Damage    Failure   Level
 Vhi's Electric Charge    Tloc/Air       0%         N/A       69%         3
 Arcjolt                  Conj/Air       0%         1d10      100%        5
 Maxwell's Capacitive Co  Air            0%         ∞         100%        8


Dungeon Overview and Level Annotations

Branches:
Dungeon (4/15)             Temple (1/1) D:4

Altars:
Ashenzari
Cheibriados
Dithmenos
Elyvilon
Fedhas
Hepliaklqana
Kikubaaqudgha
Nemelex Xobeh
Okawaru
Qazlal
Ru
Sif Muna
Trog
Uskayaw
Vehumet
Wu Jian
Xom
Yredelemnul
Zin


Innate Abilities, Weirdness & Mutations

You are a hulking beast.
Your limbs bulge with bestial killing power. (Slay +2)
You cannot wear most types of armour.
You are amphibious.
You can wear up to eight rings at the same time.
Your skin changes colour to match your surroundings (Stealth+).
Your rubbery body absorbs attacks. (AC +1, EV +1)
((You are camouflaged when in or above water. (Stealth+)))
You have tentacles for arms and can constrict up to eight enemies at once.


Message History

You resist with some effort.
It was a potion of enlightenment.
You feel very buoyant.
You fly up into the air.
The orc priest mumbles some strange prayers to Beogh against you.
Beogh smites you!
You tentacle-slap the orc. You grab the orc.
The orc is heavily wounded.
You constrict the orc, but do no damage.
The orc hits you with a +0 club.
You tentacle-slap the orc but do no damage.
You squeeze the orc.
You kill the orc!
You tentacle-slap the orc wizard. Your grab misses the orc wizard.
The orc wizard is moderately wounded.
The orc wizard barely misses you.
You tentacle-slap the orc wizard. You grab the orc wizard.
The orc wizard is moderately wounded.
You constrict the orc wizard, but do no damage.
The orc wizard hits you with a +0 dagger.
You tentacle-slap the orc wizard.
The orc wizard is severely wounded.
You constrict the orc wizard.
The orc wizard hits you with a +0 dagger.
The orc priest calls down the wrath of Beogh upon you.
Beogh smites you!
* * * LOW HITPOINT WARNING * * *
You feel better.
You constrict the orc wizard.
You kill the orc wizard!
You tentacle-slap the orc priest. Your grab misses the orc priest.
You squeeze the orc priest!
You kill the orc priest!
You tentacle-slap the orc wizard. Your grab misses the orc wizard.
The orc wizard is moderately wounded.
The orc wizard hits you with a +0 dagger.
* * * LOW HITPOINT WARNING * * *
You tentacle-slap the orc wizard. Your grab misses the orc wizard.
The orc wizard is heavily wounded.
The orc wizard hits you with a +0 dagger.
You die...

...######.###
#...........#
####.##........#
#..............###
###.##..............
###......#.........#
.##.#.##†..........#
#.#.#.##.#.........#
##....##.#.#####h###
##.....)..# ##o##
##)......### #...#
#.###.#### #...# .##
#.# #..... .# #.#
#....## .# #..
...... .# ...
........ .# .#.#
.........


You could see an orc wizard.

Vanquished Creatures
  A black bear (D:4)
  An ogre (D:3)
  A phantom (D:4)
  A jelly (D:5)
  2 orc priests
  A sleepcap (D:5)
  An iguana (D:4)
  Terence (D:2)
  4 orc wizards
  3 gnolls (D:5)
  8 adders
  A worm (D:5)
  A dart slug (D:1)
  10 orcs
  5 ball pythons
  7 bats
  2 endoplasms (D:1)
  2 giant cockroaches (D:1)
  11 goblins
  7 hobgoblins
  8 jackals (D:1)
  A quokka (D:1)
  6 frilled lizards
  7 kobolds
  5 rats
97 creatures vanquished.

Notes
Turn   | Place    | Note
-------+----------+-------------------------------------------
     0 | D:1      | Maxmaps the Octopode Shapeshifter began the quest for the
                  | Orb.
     0 | D:1      | Reached XP level 1. HP: 13/13 MP: 1/1
    25 | D:1      | Reached skill level 1 in Stealth
    35 | D:1      | Reached XP level 2. HP: 17/18 MP: 2/2
    84 | D:1      | Reached XP level 3. HP: 9/23 MP: 3/3
   593 | D:2      | Noticed Terence
   602 | D:2      | HP: 1/24 [Terence/+0 falchion (10)]
   604 | D:2      | Killed Terence
   605 | D:2      | Reached skill level 2 in Fighting
   605 | D:2      | Reached XP level 4. HP: 1/30 MP: 4/4
  1168 | D:2      | Reached skill level 3 in Fighting
  1504 | D:2      | Reached XP level 5. HP: 32/36 MP: 5/5
  1712 | D:3      | Noticed an ogre
  1720 | D:3      | Killed an ogre
  1721 | D:3      | Reached skill level 4 in Fighting
  1892 | D:3      | Found a shimmering altar of Xom.
  2216 | D:3      | Reached XP level 6. HP: 21/45 MP: 6/6
  2228 | D:3      | Reached skill level 5 in Fighting
  2643 | D:4      | Found an ancient bone altar of Kikubaaqudgha.
  2649 | D:4      | Found a shadowy altar of Dithmenos.
  2649 | D:4      | Found an iron altar of Okawaru.
  2862 | D:4      | Found a staircase to the Ecumenical Temple.
  2864 | D:4      | Noticed a black bear
  2881 | D:4      | Killed a black bear
  2882 | D:4      | Reached skill level 6 in Fighting
  2889 | Temple   | Entered the Ecumenical Temple
  2901 | D:4      | Reached XP level 7. HP: 38/52 MP: 7/7
  3114 | D:4      | You fall into a shaft and drop 1 floor!
  3114 | D:5      | Entered Level 5 of the Dungeon
  3352 | D:5      | HP: 1/52 [orc priest/divine providence (17)]
  3356 | D:5      | Slain by an orc wizard

Illustrated notes

Levels and vault maps discovered:
D:1:      dpeg_arrival_ternary, layout_rooms, minmay_pentomino_s2
D:2:      layout_loops_corners, minmay_crystal_room, uniq_terence
D:3:      layout_rooms, mainiacjoe_overflow_cross_hatched, feat_on_display
D:4:      layout_basic, grunt_temple_overflow_open,
          minmay_temple_entry_stoned_glass
D:5:      layout_loops_cross
Temple:   minmay_freezing_vapour_temple

Skill      XL: |  1  2  3  4  5  6  7 |
---------------+----------------------+-----
Stealth        | 2 3 4 |  4.0
Fighting       | 2 3 4 6 |  6.2
Dodging        | 4 |  4.7
Unarmed Combat | |  3.0
Shapeshifting  | |  3.0

Action                     |  1- 3 |  4- 6 |  7- 9 || total
---------------------------+-------+-------+-------++-------
  Melee: Unarmed           |    76 |   123 |    48 ||   247
         Constrict         |    19 |    20 |    12 ||    51
         Tentacles         |    15 |    18 |     9 ||    42
         Punch             |     4 |     1 |     1 ||     6
    Use: Potion            |       |     1 |     4 ||     5
   Stab: Sleeping          |     2 |    15 |     1 ||    18
         Distracted        |       |     1 |       ||     1
 Armour: Skin              |     6 |    38 |     2 ||    46
  Dodge: Dodged            |    51 |    48 |    20 ||   119

Table legend: (Time is in decaauts)
 A = Elapsed time spent in this place.
 B = Non-inter-level travel time spent in this place.
 C = Inter-level travel time spent in this place.
 D = Time resting spent in this place.
 E = Time spent auto-exploring this place.
 F = Levels seen in this place.
 G = Mean time per level.
                   A        B        C        D        E       F      G
               +--------+--------+--------+--------+--------+-----+--------+
         Total |   3341 |   3238 |    103 |    363 |   2264 |   6 |  556.8 |
       Dungeon |   3339 |   3236 |    103 |    363 |   2264 |   5 |  667.8 |
        Temple |      1 |      1 |      0 |      0 |      0 |   1 |    1.0 |
               +--------+--------+--------+--------+--------+-----+--------+

Top non-repeatable levels by time:
     D:2: 1033 daAuts
     D:3: 798 daAuts
     D:1: 653 daAuts
     D:4: 615 daAuts
     D:5: 239 daAuts
  Temple: 1 daAuts
